 Dungeon Crawl Stone Soup version 0.31-a0-1118-gbca3d03946 (webtiles) character file.

Game seed: 13209569424796079776

105 senseless the Firebug (level 4, -7/33 HPs)
             Began as a Draconian Fire Elementalist on Dec 4, 2023.
             Killed by divine providence
             ... invoked by an orc priest
              (15 damage)
             ... on level 3 of the Dungeon.
             The game lasted 00:08:46 (3226 turns).

senseless the Firebug (Draconian Fire Elementalist) Turns: 3226, Time: 00:08:47

Health: -7/33      AC:  7    Str: 10    XL:     4   Next: 54%
Magic:  4/8        EV: 16    Int: 17    God:
Gold:   138        SH:  0    Dex: 12    Spells: 5/8 levels left

rFire   . . .        n - +0 short sword
rCold   + . .        (no shield)
rNeg    . . .        (body armour unavailable)
rPois   .            (helmet restricted)
rElec   .            s - +1 cloak of Starlight {*Dazzle EV+4 Stlth--}
rCorr   .            (no gloves)
SInv    .            (no boots)
Will    .....        (no amulet) Stlth
                     e - ring of protection from cold
HPRegen 0.25/turn    w - +4 ring of slaying
MPRegen 0.11/turn

%: no passive effects
@: no status effects
A: AC +5, unfitting armour, cold-blooded
a: no special abilities


You were on level 3 of the Dungeon.
You visited 1 branch of the dungeon, and saw 3 of its levels.

You collected 138 gold pieces.

Inventory:

Hand Weapons
 n - a +0 short sword (weapon)
Missiles
 h - 5 poisoned darts
Armour
 o - a +0 cloak
 s - the +1 cloak of Starlight (worn) {*Dazzle EV+4 Stlth--}
   (You found it on level 2 of the Dungeon)

   *Dazzle:   It may blind those who miss an attack against the wearer in melee
   combat.
   EV+4:      It affects your evasion (+4).
   Stlth--:   It makes you much less stealthy.
Jewellery
 e - a ring of protection from cold (left hand)
 w - a +4 ring of slaying (right hand)
Scrolls
 d - 2 scrolls of noise {unknown}
 f - a scroll of blinking {unknown}
 k - 2 scrolls of fear {unknown}
 l - a scroll of poison {unknown}
 p - 2 scrolls of teleportation {unknown}
 r - 2 scrolls of amnesia {unknown}
 u - a scroll of torment {unknown}
 v - a scroll of summoning {unknown}
 x - a scroll of identify {unknown}
Potions
 a - a potion of magic
 b - a potion of heal wounds {unknown}
 c - 2 potions of curing {unknown}
 g - a potion of lignification {unknown}
 i - a potion of ambrosia {unknown}
 j - 2 potions of enlightenment {unknown}
 m - a potion of cancellation {unknown}
 q - a potion of degeneration {unknown}
 t - a potion of invisibility {unknown}


   Skills:
 + Level 2.6 Dodging
 - Level 1.7 Stealth
 + Level 2.7 Spellcasting
 + Level 2.3 Conjurations
 + Level 3.7 Fire Magic


You had 5 spell levels left.
You knew the following spells:

 Your Spells              Type           Power      Damage    Failure   Level
a - Foxfire               Conj/Fire      48%        2x1d6     5%          1
b - Scorch                Fire           30%        2d6       6%          2

Your spell library contained the following spells:

 Spells                   Type           Power      Damage    Failure   Level
 Shock                    Conj/Air       24%        1d4       11%         1
 Inner Flame              Hex/Fire       8%         N/A       26%         3
 Volatile Blastmotes      Fire/Tloc      16%        2d11      26%         3
 Flame Wave               Conj/Fire      12%        2d6       45%         4
 Swiftness                Air            2%         N/A       47%         3
 Airstrike                Air            1%         2d(1-17)  87%         4


Dungeon Overview and Level Annotations

Branches:
Dungeon (3/15)

Altars:
Okawaru
Qazlal
Ru
The Shining One


Innate Abilities, Weirdness & Mutations

Your plain brown scales are hard. (AC +5)
You cannot fit into any form of body armour.
You are cold-blooded and may be slowed by cold attacks.


Message History

No target in view!
No target in view!
No target in view!
No target in view!
Found a stone staircase leading down.
There is a stone staircase leading down here.
You now have 138 gold pieces (gained 10).
You open the gate.
An orc wizard, 2 orcs, an orc priest and an adder come into view.
The orc shouts!
The orc wizard shouts!
The orc shouts!
The orc priest shouts!
The adder hisses angrily.
The orc priest invokes the aid of Beogh against you.
Beogh smites you!
Found a scroll labelled DYXOURHOGO.
The adder barely misses you.
You puncture the adder!
Your tail-slap misses the adder.
The adder is severely wounded.
The adder bites you.
Casting: Foxfire (safe; 5% risk of failure)
Confirm with . or Enter, or press ? or * to list all spells.
Flames lash the adder.
You kill the adder!
Casting: Scorch (safe; 6% risk of failure)
Confirm with . or Enter, or press ? or * to list all spells.
Flames lash the orc.
The orc is almost dead.
The orc's fire resistance burns away.
The orc priest invokes the aid of Beogh against you.
Beogh smites you!
* * * LOW HITPOINT WARNING * * *
The orc priest miscasts a cantrip.
Casting: Scorch (safe; 6% risk of failure)
Confirm with . or Enter, or press ? or * to list all spells.
You conjure some foxfire!
Your foxfire dissipates!
The foxfire hits the orc!
The orc is burned terribly!
You kill the orc!
The orc priest mumbles some strange prayers to Beogh against you.
Beogh smites you!
You die...

#.#......^..
#.#
..#.#######.
#.#
###########
#.#
.........>#
#.#
.########.#
#.#
.########.#
#.#
.#........#
#.#
.#.#####..#
#.# .#.#
#### ####@#
.### #....##
.# ####o.#
## . ##.# ..
#o## ...
#.o# ....
##)# ~....
#†#
~~....#.#


You could see an orc priest, an orc wizard and an orc.

Vanquished Creatures
  3 gnolls (D:3)
  2 adders
  2 dart slugs
  4 orcs
  9 bats
  4 endoplasms
  2 giant cockroaches
  3 goblins
  3 hobgoblins
  6 kobolds
  A quokka (D:2)
  2 ball pythons (D:1)
  5 frilled lizards
  8 rats
54 creatures vanquished.

Vanquished Creatures (others)
  161 foxfires
161 creatures vanquished.

Grand Total: 215 creatures vanquished

Notes
Turn   | Place    | Note
-------+----------+-------------------------------------------
     0 | D:1      | senseless the Draconian Fire Elementalist began the quest
                  | for the Orb.
     0 | D:1      | Reached XP level 1. HP: 14/14 MP: 3/3
   269 | D:1      | Reached XP level 2. HP: 20/20 MP: 1/5
  1306 | D:2      | Reached XP level 3. HP: 26/26 MP: 2/6
  1499 | D:2      | You fall into a shaft and drop 1 floor!
  1503 | D:3      | Learned a level 2 spell: Scorch
  1646 | D:2      | Found an iron altar of Okawaru.
  1960 | D:2      | Found the +1 cloak of Starlight {*Dazzle EV+4 Stlth--}
  2406 | D:3      | Reached XP level 4. HP: 22/33 MP: 0/7
  2483 | D:3      | Found a sacrificial altar of Ru.
  2507 | D:3      | Found a stormy altar of Qazlal.
  2779 | D:3      | Found a glowing golden altar of the Shining One.
  3226 | D:3      | Killed from afar by an orc priest

Illustrated notes

Levels and vault maps discovered:
D:1:      kilobyte_arrival_exit_the_forest, layout_rooms, nicolae_the_louvre
D:2:      layout_basic, basic_altar
D:3:      layout_basic, mainiacjoe_overflow_surrounded_room,
          nicolae_qazlal_general_emergency, nicolae_ru_sacrificial_ziggurat,
          kennysheep_donut, st_stairs_7

Skill      XL: |  1  2  3 |
---------------+----------+-----
Dodging        | 2 |  2.6
Conjurations   | 2 |  2.3
Stealth        | |  1.7
Spellcasting   | |  2.7
Fire Magic     | |  3.7

Action                     |  1- 3 |  4- 6 || total
---------------------------+-------+-------++-------
  Melee: Dagger            |     4 |       ||     4
         Short sword       |    10 |    16 ||    26
         Tailslap          |     3 |     2 ||     5
   Cast: Foxfire           |    75 |    15 ||    90
         Scorch            |     1 |     7 ||     8
   Stab: Sleeping          |     1 |       ||     1
 Armour: Skin              |    11 |    17 ||    28
  Dodge: Dodged            |    25 |    26 ||    51

Table legend: (Time is in decaauts)
 A = Elapsed time spent in this place.
 B = Non-inter-level travel time spent in this place.
 C = Inter-level travel time spent in this place.
 D = Time resting spent in this place.
 E = Time spent auto-exploring this place.
 F = Levels seen in this place.
 G = Mean time per level.
                   A        B        C        D        E       F      G
               +--------+--------+--------+--------+--------+-----+--------+
         Total |   3234 |   3133 |    101 |    112 |   2619 |   3 | 1078.0 |
       Dungeon |   3234 |   3133 |    101 |    112 |   2619 |   3 | 1078.0 |
               +--------+--------+--------+--------+--------+-----+--------+

Top non-repeatable levels by time:
     D:2: 1220 daAuts
     D:1: 1161 daAuts
     D:3: 852 daAuts
